 Dungeon Crawl Stone Soup version 0.27.0-1-g7a089689b8 (webtiles) character file.

Game seed: 16312008530743669081

196148 rjrrt the Executioner (level 17, -12/156 HPs)
             Began as a Minotaur Berserker on Aug 5, 2021.
             Was the Champion of Trog.
             Shot with a bolt by a yaktaur captain (43 damage)
             ... on level 1 of the Vaults.
             The game lasted 01:15:09 (28992 turns).

rjrrt the Executioner (Minotaur Berserker)         Turns: 28992, Time: 01:15:09

Health: -12/156    AC: 10    Str: 32 (33) XL:     17   Next: 73%
Magic:  16/16      EV: 18    Int:  7      God:    Trog [******]
Gold:   1866       SH:  0    Dex: 12      Spells: 16/16 levels left

rFire    . . .     SeeInvis .   a - +9 executioner's axe (vamp)
rCold    . . .     Faith    .   (shield currently unavailable)
rNeg     . . .     Spirit   .   b - +1 chain mail of Soft Fun {rElec Will+ Regen+}
rPois    +         Reflect  .   p - +1 hat {Int+3}
rElec    +         Harm     .   J - +1 cloak {rPois}
rCorr    .         Rampage  .   T - +0 pair of gloves of Optimism {Str+6 Slay+2 Stlth-}
Will     +++..                  x - +1 pair of boots
Stlth    ..........             i - amulet of regeneration
HPRegen  2.36/turn              l - +4 ring of evasion
MPRegen  0.15/turn              K - ring of willpower

@: corroded
A: horns 2, retaliatory headbutt
}: 1/15 runes: gossamer
a: Renounce Religion, Berserk, Trog's Hand, Brothers in Arms


You were on level 1 of the Vaults.
You worshipped Trog.
Trog was exalted by your worship.
You visited 8 branches of the dungeon, and saw 31 of its levels.
You also visited: Ossuary and Ice Cave.

You collected 4307 gold pieces.
You spent 2441 gold pieces at shops.

Inventory:

Hand Weapons
 a - a +9 vampiric executioner's axe (weapon)
 f - a +2 executioner's axe of flaming
 m - a +0 antimagic battleaxe
 n - a +2 bardiche of freezing
Missiles
 d - 6 silver javelins (quivered)
 D - 9 curare-tipped darts
 L - 3 throwing nets
Armour
 b - the +1 chain mail of Soft Fun (worn) {rElec Will+ Regen+}
   (You found it on level 1 of the Spider Nest)

   rElec:     It insulates you from electricity.
   Regen:     It increases your rate of health regeneration.
   Will:      It increases your willpower.
 p - a +1 hat of intelligence (worn)
 x - a +1 pair of boots (worn)
 C - a scarf of resistance
 J - a +1 cloak of poison resistance (worn)
 T - the +0 pair of gloves of Optimism (worn) {Str+6 Slay+2 Stlth-}
   (You bought it in a shop on level 2 of the Orcish Mines)

   Str:       It affects your strength (+6).
   Slay:      It affects your accuracy & damage with ranged weapons and melee
   (+2).
   Stlth:     It makes you less stealthy.
Jewellery
 c - a +4 ring of protection
 i - an amulet of regeneration (around neck)
 l - a +4 ring of evasion (left hand)
 r - a ring of positive energy
 K - a ring of willpower (right hand)
 S - a ring of poison resistance
 U - a ring of resist corrosion
Wands
 e - a wand of flame (64)
 t - a wand of paralysis (37)
 u - a wand of iceblast (42)
 y - a wand of digging (24)
 F - a wand of acid (23)
 H - a wand of polymorph (15)
 M - a wand of mindburst (11)
 P - a wand of charming (8)
Scrolls
 g - 13 scrolls of identify
 o - 7 scrolls of immolation
 w - 11 scrolls of teleportation
 z - 4 scrolls of blinking
 A - 4 scrolls of fog
 N - a scroll of summoning
 Q - 4 scrolls of enchant armour
Potions
 h - 18 potions of curing
 j - 4 potions of flight
 k - 3 potions of haste
 q - a potion of resistance
 s - 9 potions of might
 v - 10 potions of lignification
 B - 4 potions of attraction
 G - 4 potions of invisibility
 I - 13 potions of ambrosia
 O - a potion of cancellation
 R - 5 potions of mutation


   Skills:
 + Level 15.0 Fighting
 * Level 24.7 Axes
 + Level 14.8 Armour
 + Level 13.2 Dodging
 - Level 8.0 Evocations


You had 16 spell levels left.
You didn't know any spells.
Your spell library was empty.

Dungeon Overview and Level Annotations

Branches:
Dungeon (15/15)            Temple (1/1) D:6            Lair (6/6) D:9
 Shoals (0/4) Lair:3       Spider (4/4) Lair:3        Slime (1/5) Lair:5
    Orc (2/2) D:12            Elf (0/3) Orc:2        Vaults (1/5) D:13
 Depths (1/5) D:15        Ossuary (visited)           IceCv (visited)

Altars:
Okawaru
Uskayaw
Yredelemnul
Jiyva

Shops:
D:7 [*   D:10 [   D:12 [   D:13 ?*[(   D:14 [   D:15 ?   Orc:2 ([*=


Innate Abilities, Weirdness & Mutations

You have a pair of horns on your head.
You reflexively headbutt those who attack you in melee.


Message History

You headbutt the brown very ugly thing, but do no damage.
The brown very ugly thing is almost dead.
You hit the yaktaur captain but do no damage.
The yaktaur captain closely misses you.
Unknown command.
You closely miss the brown very ugly thing.
You headbutt the brown very ugly thing.
The brown very ugly thing is almost dead.
You slice the yaktaur captain!!
You feel better. The brown very ugly thing misses you. You furiously retaliate!
You headbutt the brown very ugly thing, but do no damage.
The yaktaur captain hits you!!
You are too injured to fight recklessly!
Unknown command.
You are too injured to fight recklessly!
Unknown command.
You are too injured to fight recklessly!
Unknown command.
You are too injured to fight recklessly!
Unknown command.
You slash the glowing orange brain!
You feel better.
The glowing orange brain is moderately wounded.
You hit the yaktaur captain but do no damage.
You hit the brown very ugly thing. The brown very ugly thing claws you!
The acid corrodes you!
You are splashed with acid.
The yaktaur captain barely misses you. You furiously retaliate!
You headbutt the yaktaur captain.
The glowing orange brain blinks!
The brown very ugly thing claws you!!
* * * LOW HITPOINT WARNING * * *
The acid corrodes you!
You are splashed with acid.
* * * LOW HITPOINT WARNING * * *
The yaktaur captain wields a +0 arbalest.
The yaktaur captain shoots a bolt.
The bolt completely misses you.
You are too injured to fight recklessly!
The brown very ugly thing barely misses you.
You furiously retaliate!
You headbutt the brown very ugly thing, but do no damage.
The glowing orange brain blinks!
The yaktaur captain shoots a bolt.
The bolt hits you!!!
You die...

#....#......# #...k#......#
#....'......# #....######## .
#....#
##+#####....#################
.............................
.............u.c.............
............@§......)).......
.............G.).§..)....)...
########....#########'###+###
#....# #......##..... #....#
#......##..... #....#
#......##..... #....#
#......##..... #....#
#......##..... #......##.....


You could see a brown very ugly thing (summoned), a yaktaur captain, a glowing
orange brain and a lindwurm (summoned).

Vanquished Creatures
  Nikola (Spider:1)
  A sphinx (D:14)
  Agnes (D:15)
  Kirke (Lair:4)
  A tengu reaver (D:13)
  A vault warden (Vaults:1)
  3 ghost moths
  4 emperor scorpions
  An orc warlord (Orc:2)
  2 ironbound preservers (Vaults:1)
  Nessos (Lair:4)
  4 entropy weavers
  Azrael (Spider:3)
  4 spark wasps
  Snorg (D:11)
  An ettin (D:14)
  6 boulder beetles
  2 vault guards (Vaults:1)
  Erolcha (D:13)
  8 hydras
  6 centaur warriors
  8 two-headed ogres
  8 death yaks
  A death knight (D:12)
  A tengu warrior (D:14)
  A deep troll earth mage (D:12)
  2 orc high priests (Orc:2)
  2 ironbound beastmasters (Vaults:1)
  Nergalle (D:12)
  2 skeletal warriors
  4 deep trolls
  2 wizards (D:15)
  6 orc knights
  The ghost of AlmostDecent the Cleaver, a novice GrFi of Okawaru (D:7)
  An ironbound convoker (Vaults:1)
  3 orc sorcerers
  8 deep elf pyromancers
  26 wolf spiders
  14 orb spiders
  5 ugly things
  4 manticores
  10 cyclopes
  2 moths of wrath
  3 elephants (Lair:4)
  10 black mambas
  An elephant (shapeshifter) (D:12)
  A guardian serpent (Lair:6)
  Maurice (Orc:2)
  A water nymph (shapeshifter) (D:13)
  18 cane toads
  3 ice statues (IceCv)
  4 torpor snails
  2 gargoyles
  3 efreet
  2 rime drakes
  8 demonic crawlers
  An unseen horror (D:10)
  3 tengu conjurers (D:13)
  A kobold demonologist (D:11)
  2 anaconda simulacra (IceCv)
  6 komodo dragons
  2 freezing wraiths
  A komodo dragon (shapeshifter) (D:15)
  A queen bee (Lair:1)
  7 polar bears
  36 jumping spiders
  A merfolk (shapeshifter) (D:15)
  13 hornets
  A troll (Orc:2)
  9 blink frogs
  16 slime creatures
  6 dream sheep (Lair:4)
  A dream sheep (shapeshifter) (D:13)
  80 redbacks
  Sigmund (D:2)
  2 vampires
  A spriggan (Lair:5)
  3 water elementals (D:15)
  33 tarantellas
  38 yaks
  3 wraiths
  A hog (Lair:4)
  Grum (D:11)
  5 basilisks
  2 fire elementals
  11 wyverns
  6 vampire mosquitoes
  A golden eye (Spider:3)
  3 death yak simulacra (Lair:5)
  2 steam dragons
  Menkaure (D:5)
  A warg (Orc:1)
  An acid dragon (D:13)
  2 hell hounds (Spider:3)
  24 water moccasins
  33 orc warriors
  A hornet zombie (D:7)
  An ice beast (D:6)
  5 black bears
  10 ogres
  16 wolves
  15 centaurs
  2 elf zombies (Ossuary)
  A kobold brigand (D:8)
  5 scorpions
  10 bullfrogs
  A gnoll sergeant (D:10)
  3 cane toad simulacra (IceCv)
  A wyvern skeleton (D:7)
  An elephant simulacrum (IceCv)
  8 wights
  31 killer bees
  8 electric eels
  A bullfrog zombie (D:5)
  8 centaur zombies
  A human zombie (Ossuary)
  A lava snake (Orc:1)
  2 hounds
  27 orc priests
  4 gnoll shamans
  5 iguanas
  Crazy Yiuf (D:2)
  Jessica (D:2)
  A bullfrog skeleton (D:6)
  28 orc wizards
  A scorpion zombie (D:5)
  6 hell rats (Lair:5)
  2 polar bear simulacra
  4 wolf simulacra
  The ghost of DocClef the Covert, a weakling GnDe (D:5)
  2 hound zombies (D:5)
  2 mummies (Ossuary)
  A howler monkey zombie (D:8)
  A howler monkey skeleton (D:7)
  4 adders
  20 gnolls
  2 shadow imps (D:7)
  An adder skeleton (D:4)
  A worm (D:3)
  3 dart slugs
  94 orcs
  7 bats
  4 endoplasms
  6 giant cockroaches
  4 goblins
  5 hobgoblins
  7 jackals
  2 quokkas
  4 ball pythons
  A goblin zombie (Ossuary)
  7 hobgoblin zombies (Ossuary)
  2 jackal zombies (Ossuary)
  12 kobolds
  13 kobold zombies (Ossuary)
  7 orc zombies (Ossuary)
  8 rats
1015 creatures vanquished.

Vanquished Creatures (collateral kills)
  Arachne (Spider:2)
  Asterion (Spider:3)
  An emperor scorpion (Spider:4)
  A spark wasp (Spider:4)
  Harold (Lair:2)
  An orc high priest (Orc:2)
  2 orc knights (Orc:2)
  2 orc sorcerers (Orc:2)
  An orb spider (Spider:2)
  A wolf spider (Spider:2)
  A demonic crawler (Spider:2)
  3 jumping spiders (Spider:2)
  A hornet (Spider:4)
  3 redbacks
  4 tarantellas (Spider:2)
  5 hogs (Lair:4)
  A yak (Lair:4)
  A water moccasin (Lair:4)
  4 orc warriors (Orc:2)
  4 orc priests (Orc:2)
  2 orc wizards (Orc:2)
  3 orcs (Orc:2)
44 creatures vanquished.

Vanquished Creatures (others)
  An orb spider (Spider:4)
  2 redbacks
  A tarantella (Spider:2)
  An orc (Orc:1)
  27 fungi
  76 plants
  2 withered plants (D:7)
110 creatures vanquished.

Grand Total: 1169 creatures vanquished

Notes
Turn   | Place    | Note
-------+----------+-------------------------------------------
     0 | D:1      | rjrrt the Minotaur Berserker began the quest for the Orb.
     0 | D:1      | Reached XP level 1. HP: 19/19 MP: 0/0
    91 | D:1      | Reached skill level 4 in Axes
   194 | D:1      | Reached XP level 2. HP: 21/26 MP: 1/1
   641 | D:1      | Reached skill level 5 in Axes
   756 | D:1      | Found a faded altar of an unknown god.
   926 | D:2      | Noticed Sigmund
   948 | D:2      | Killed Sigmund
   949 | D:2      | Reached skill level 7 in Axes
   949 | D:2      | Reached XP level 3. HP: 19/31 MP: 2/2
   949 | D:2      | Reached XP level 4. HP: 24/39 MP: 3/3
   949 | D:2      | Reached XP level 5. HP: 28/45 MP: 4/4
  1125 | D:2      | Reached ** piety under Trog
  1171 | D:2      | Noticed Jessica
  1190 | D:2      | Killed Jessica
  1530 | D:2      | Reached skill level 8 in Axes
  1545 | D:2      | Found a runed translucent door.
  1546 | D:2      | Noticed Crazy Yiuf
  1555 | D:2      | Killed Crazy Yiuf
  1556 | D:2      | Reached XP level 6. HP: 46/51 MP: 5/5
  2739 | D:4      | Reached skill level 9 in Axes
  2811 | D:4      | Found the +2 robe of Vines {NoPotionHeal Regen+++}
  2926 | D:4      | Reached XP level 7. HP: 39/57 MP: 6/6
  2926 | D:4      | Reached *** piety under Trog
  3183 | D:4      | Reached skill level 10 in Axes
  3727 | D:5      | Entered Level 5 of the Dungeon
  3727 | D:5      | Noticed Menkaure
  4075 | D:5      | Killed Menkaure
  4076 | D:5      | Reached skill level 1 in Evocations
  4286 | D:5      | Noticed a steam dragon
  4296 | D:5      | Killed a steam dragon
  4297 | D:5      | Reached skill level 11 in Axes
  4297 | D:5      | Reached XP level 8. HP: 37/67 MP: 7/7
  4387 | D:5      | Found a runed translucent gate.
  4387 | D:5      | Found a runed translucent gate.
  4387 | D:5      | Noticed DocClef's ghost (weakling GnDe)
  4440 | D:5      | Found a runed translucent gate.
  4443 | D:5      | Found a basalt altar of Yredelemnul.
  4520 | D:5      | Killed DocClef's ghost
  4993 | D:6      | Reached skill level 5 in Fighting
  5164 | D:6      | Found a staircase to the Ecumenical Temple.
  5179 | Temple   | Entered the Ecumenical Temple
  5739 | D:6      | Reached skill level 12 in Axes
  5739 | D:6      | Reached skill level 5 in Armour
  5739 | D:6      | Reached XP level 9. HP: 75/75 MP: 8/8
  6154 | D:6      | Reached **** piety under Trog
  6438 | D:7      | Found a sand-covered staircase.
  6516 | D:7      | Found a runed translucent door.
  6516 | D:7      | Noticed AlmostDecent's ghost (novice GrFi)
  6626 | Ossuary  | Entered an ossuary
  6991 | D:7      | Found Wahan's Armour Boutique.
  6997 | D:7      | Bought a +1 hat of intelligence for 160 gold pieces
  7489 | D:7      | Found Lorch's General Store.
  7498 | D:7      | Bought a scroll of blinking for 90 gold pieces
  7498 | D:7      | Bought a scroll of fog for 24 gold pieces
  7662 | D:7      | Killed AlmostDecent's ghost
  7725 | D:8      | Reached skill level 13 in Axes
  7844 | D:8      | Reached ***** piety under Trog
  8237 | D:8      | Reached XP level 10. HP: 83/86 MP: 9/9
  8470 | D:8      | Noticed a two-headed ogre
  8482 | D:8      | Killed a two-headed ogre
  9256 | D:9      | Found a staircase to the Lair.
  9298 | D:9      | Noticed a two-headed ogre
  9314 | D:9      | Killed a two-headed ogre
  9315 | D:9      | Reached skill level 5 in Dodging
  9315 | D:9      | Reached skill level 5 in Evocations
  9547 | Lair:1   | Entered Level 1 of the Lair of Beasts
  9620 | Lair:1   | Reached skill level 14 in Axes
  9666 | Lair:1   | Received a gift from Trog
  9718 | Lair:1   | Noticed a seven-headed hydra
  9734 | Lair:1   | Killed a seven-headed hydra
  9856 | Lair:1   | Reached XP level 11. HP: 95/95 MP: 10/10
 10099 | Lair:1   | Noticed a four-headed hydra
 10117 | Lair:1   | Killed a four-headed hydra
 10773 | Lair:2   | Identified the +1 pair of gloves of Philately {rElec rF-
                  | rN+ MP+9}
 10872 | Lair:2   | Noticed Harold
 10880 | Lair:2   | Killed Harold
 10881 | Lair:2   | Reached skill level 15 in Axes
 11831 | Lair:3   | Found a hide-covered altar of Uskayaw.
 11903 | Lair:3   | Identified the +6 buckler of Fuabboff {rF+}
 12086 | Lair:3   | Received a gift from Trog
 12175 | Lair:3   | Noticed a death yak
 12185 | Lair:3   | Noticed a death yak
 12197 | Lair:3   | Killed a death yak
 12198 | Lair:3   | Reached XP level 12. HP: 95/106 MP: 11/11
 12204 | Lair:3   | Killed a death yak
 12205 | Lair:3   | Reached skill level 16 in Axes
 12259 | Lair:3   | Found a hole to the Spider Nest.
 12345 | Lair:3   | Noticed a death yak
 12348 | Lair:3   | Noticed a death yak
 12350 | Lair:3   | Killed a death yak
 12360 | Lair:3   | Killed a death yak
 12520 | Lair:3   | Found a staircase to the Shoals.
 12799 | Lair:4   | Noticed a six-headed hydra
 12808 | Lair:4   | Killed a one-headed hydra
 12809 | Lair:4   | Reached skill level 17 in Axes
 13123 | Lair:4   | Noticed Kirke
 13136 | Lair:4   | Reached skill level 18 in Axes
 13368 | Lair:4   | Noticed Nessos
 13394 | Lair:4   | Killed Nessos
 13527 | Lair:4   | Killed Kirke
 13528 | Lair:4   | Reached skill level 19 in Axes
 13797 | Lair:5   | Reached XP level 13. HP: 113/113 MP: 12/12
 13866 | Lair:5   | Found a frozen archway.
 13883 | IceCv    | Entered an ice cave
 14238 | IceCv    | Identified the +0 ring mail of the Journeyman {Regen+}
 14327 | Lair:5   | Found a staircase to the Slime Pits.
 14328 | Lair:5   | Found a viscous altar of Jiyva.
 14404 | Lair:5   | Reached skill level 20 in Axes
 15095 | Slime:1  | Entered Level 1 of the Pits of Slime
 15095 | Slime:1  | Noticed an acid blob
 15120 | Lair:6   | Entered Level 6 of the Lair of Beasts
 15214 | Lair:6   | Reached skill level 10 in Fighting
 15361 | Lair:6   | Reached skill level 10 in Armour
 15550 | Lair:6   | Reached skill level 21 in Axes
 15565 | Lair:6   | Reached XP level 14. HP: 90/122 MP: 13/13
 15823 | Lair:6   | Received a gift from Trog
 16819 | D:7      | Bought a scroll of acquirement for 624 gold pieces
 16822 | D:7      | Acquired 463 gold pieces
 16938 | D:10     | Entered Level 10 of the Dungeon
 17344 | D:10     | Found Xemod's Antique Armour Emporium.
 17771 | D:11     | Noticed Snorg
 17789 | D:11     | Killed Snorg
 18122 | D:11     | Noticed Grum
 18132 | D:11     | Killed Grum
 18539 | D:12     | Noticed Nergalle
 18574 | D:12     | Killed Nergalle
 18578 | D:12     | Received a gift from Trog
 18634 | D:12     | Found a staircase to the Orcish Mines.
 18637 | D:12     | Found Unoch's Armour Shop.
 19360 | Orc:1    | Entered Level 1 of the Orcish Mines
 19678 | Orc:1    | Reached skill level 10 in Dodging
 19687 | Orc:1    | Reached skill level 22 in Axes
 19751 | Orc:1    | Identified the +1 scale mail of the Iron City of Dis {Str+6
                  | Dex-2}
 20061 | Orc:2    | Entered Level 2 of the Orcish Mines
 20233 | Orc:2    | Found a staircase to the Elven Halls.
 20250 | Orc:2    | Reached ****** piety under Trog
 20321 | Orc:2    | Received a gift from Trog
 20655 | Orc:2    | Noticed an orc warlord
 20667 | Orc:2    | Killed an orc warlord
 20668 | Orc:2    | Reached XP level 15. HP: 132/132 MP: 14/14
 21015 | Orc:2    | Identified the +4 battleaxe of Infinite Pain {vorpal, rF+
                  | Will+} (Trog gifted it to you on level 2 of the Orcish
                  | Mines)
 21015 | Orc:2    | Received a gift from Trog
 21137 | Orc:2    | Noticed Maurice
 21159 | Orc:2    | Killed Maurice
 21328 | Orc:2    | Found Vishocwy's Antique Armour Shoppe.
 21329 | Orc:2    | Found Qyeffoac's Antique Weapon Shoppe.
 21332 | Orc:2    | Found Tiphuog's General Store.
 21332 | Orc:2    | Found Dotal's Jewellery Emporium.
 21383 | Orc:2    | Bought a pair of translucent gloves for 266 gold pieces
 21383 | Orc:2    | Identified the +0 pair of gloves of Optimism {Str+6 Slay+2
                  | Stlth-} (You bought it in a shop on level 2 of the Orcish
                  | Mines)
 21394 | Orc:2    | Bought a dazzling cloak for 266 gold pieces
 21394 | Orc:2    | Identified the +2 cloak of Disguise {rN+ Int+3 Dex-2} (You
                  | bought it in a shop on level 2 of the Orcish Mines)
 21776 | D:13     | Found Fialighu's Antique Weapon Emporium.
 21838 | D:13     | Found Zotoy's Armour Shop.
 21876 | D:13     | Noticed Erolcha
 21883 | D:13     | Killed Erolcha
 21987 | D:13     | Noticed a tengu reaver
 22014 | D:13     | Killed a tengu reaver
 22118 | D:13     | Identified the +0 robe of Wadaf {rElec rN+}
 22371 | D:13     | Found a gate to the Vaults.
 22476 | D:13     | Found Futyaqong's Magic Scroll Shop.
 22494 | D:13     | Bought a scroll of acquirement for 884 gold pieces
 22494 | D:13     | Acquired 356 gold pieces
 22498 | D:13     | Bought a scroll of blinking for 127 gold pieces
 22509 | D:13     | Found Syotodumu's Assorted Antiques.
 22665 | D:13     | Received a gift from Trog
 23408 | D:14     | Found Ysaf's Antique Armour Shop.
 23566 | D:14     | Identified the +1 kite shield of Patterns {-Tele rF+ Regen+
                  | Dex+9}
 23931 | D:14     | Noticed a sphinx
 23940 | D:14     | Killed a sphinx
 23968 | D:14     | Reached skill level 23 in Axes
 23982 | D:15     | Entered Level 15 of the Dungeon
 24076 | D:15     | Found a staircase to the Depths.
 24079 | D:15     | Noticed Agnes
 24088 | D:15     | Killed Agnes
 24142 | D:15     | Reached XP level 16. HP: 144/144 MP: 15/15
 24163 | D:15     | Found Bameipn's Magic Scroll Shop.
 24302 | D:15     | Received a gift from Trog
 24323 | D:15     | Found a hide-covered altar of Uskayaw.
 24437 | D:15     | Found an iron altar of Okawaru.
 24958 | Depths:1 | Entered Level 1 of the Depths
 25235 | Spider:1 | Entered Level 1 of the Spider Nest
 25482 | Spider:1 | Identified the +1 chain mail of Soft Fun {rElec Will+
                  | Regen+}
 25492 | Spider:1 | Noticed Nikola
 25538 | Spider:1 | Killed Nikola
 26090 | Spider:2 | Noticed Arachne
 26100 | Spider:2 | Received a gift from Trog
 26114 | Spider:2 | Killed Arachne
 26683 | Spider:3 | Noticed Azrael
 26714 | Spider:3 | Killed Azrael
 26803 | Spider:3 | Reached XP level 17. HP: 133/152 MP: 16/16
 26835 | Spider:3 | Noticed Asterion
 26846 | Spider:3 | Killed Asterion
 26847 | Spider:3 | Reached skill level 24 in Axes
 27315 | Spider:4 | Entered Level 4 of the Spider Nest
 27346 | Spider:3 | Received a gift from Trog
 28275 | Spider:4 | Got a gossamer rune of Zot
 28772 | Vaults:1 | Entered Level 1 of the Vaults
 28815 | Vaults:1 | Reached skill level 15 in Fighting
 28992 | Vaults:1 | Shot with a bolt by a yaktaur captain

Illustrated notes

Levels and vault maps discovered:
D:1:      minmay_arrival_cross, layout_basic,
          hellmonk_ecumenical_altar_pennies_from_heaven, minmay_misc_feat_room,
          minmay_misc_feat_hallway, grunt_decor_junction
D:2:      layout_basic, uniq_crazy_yiuf_cottage, uniq_sigmund, uniq_jessica
D:3:      layout_basic
D:4:      layout_cave_pools
D:5:      layout_rooms, nicolae_yredelemnul_ghost_church,
          minmay_misc_feat_diagonals, sigmund_army, uniq_menkaure
D:6:      layout_layer_cave, minmay_temple_entry_glassed_door
D:7:      layout_loops_cross, nicolae_ossuary_entry_false_entrances,
          serial_shops, nicolae_shop_waterfront, nicolae_shop_trees,
          gammafunk_ghost_grave
D:8:      layout_basic
D:9:      layout_grid_maze, lair_entry_dummy
D:10:     layout_gridville, serial_shops, shop
D:11:     layout_basic, uniq_snorg, uniq_grum
D:12:     layout_small_grid, orc_david_3, minmay_fountain_box, minmay_evil_grid,
          uniq_nergalle
D:13:     wad_statue_garden, layout_rooms, david_vaults_4, serial_shops,
          nicolae_shop_stone, shop, shop_fountains, nicolae_stop_n_shop_1,
          uniq_erolcha
D:14:     minmay_diamond_stairs, layout_cave_pods, serial_shops,
          kennysheep_mini, minmay_misc_feat_plants
D:15:     hangedman_depths_entry_civil_slaughter, layout_basic, serial_shops,
          nicolae_shop_statue_plus, okawaru_metal_pillars_1_2,
          eat_drink_and_be_merry_uskayaw, uniq_agnes
Temple:   kilobyte_greek_temple
Lair:1:   layout_cave_pods, special_room [special_room_bee], st_stairs_11,
          lemuel_fruit_fields
Lair:2:   beast_lair_carwin_large_2, layout_cave_pods, lemuel_old_faithful,
          uniq_harold
Lair:3:   layout_loops_ring, minmay_shoals_entry_centaurs, spider_nest_entry_a,
          serial_bayou_pond_c, minivault_24, lemuel_altar_in_water2
Lair:4:   layout_roguey, uniq_nessos, uniq_kirke
Lair:5:   layout_long_grid, slime_altar_1, portal_ice_cave_entry_ice_simulacra,
          forest_entry_grove, serial_bayou_shore_a, grunt_megastairs_5
Lair:6:   hangedman_lair_tendril_chambers, layout_long_grid,
          grunt_forest_stairs_basic
Spider:1: layout_spider_delve, uniq_nikola
Spider:2: layout_spider_delve, nicolae_spider_eight_legs, uniq_arachne
Spider:3: layout_spider_delve, drop_trap, uniq_asterion, uniq_azrael
Spider:4: spider_rune_water
Slime:1:  layout_caves, cheibrodos_slime_lost_civilization_4
Orc:1:    cheibrodos_orc_arena, layout_caves, nicolae_orc_flooded_monolith,
          nicolae_orc_lava_tube, minmay_orc_keep
Orc:2:    st_orc_congregation, layout_diamond_mine, rock_pile, uniq_maurice
Vaults:1: nicolae_vaults_ring_of_whatevers, nicolae_vaults_yaktaur_gun_rack,
          grunt_vaults_twisty, vaults_room_fancy_cross, v_misc_4, v_rooms_3,
          nicolae_vaults_big_angled_halls, ontoclasm_vaults_chip,
          v_alt_pattern_4, nicolae_vaults_three_branches,
          nicolae_vaults_specimen_jars, layout_vaults_big_cross
Depths:1: layout_roguey, hell_entry, serial_shops, nicolae_shop_window_shopping,
          minmay_misc_feat_roman, pan_entry, abyss_entry,
          minmay_shattered_shrine

Skill      XL: |  1  2  3  4  5  6  7  8  9 10 11 12 13 14 15 16 17 |
---------------+----------------------------------------------------+-----
Axes           | 4 7 8 9 11 12 13 14 15 19 21 22 23 24 | 24.7
Fighting       | 4 5 7 8 9 10 12 13 14 15 | 15.0
Armour         | 3 5 6 7 9 10 11 12 13 14 | 14.8
Evocations     | 1 3 4 5 6 7 8 |  8.0
Dodging        | 4 6 7 8 10 11 12 13 | 13.2

Action                   |  1- 3 |  4- 6 |  7- 9 | 10-12 | 13-15 | 16-18 || total
-------------------------+-------+-------+-------+-------+-------+-------++-------
Melee: Hand axe          |    24 |       |       |       |       |       ||    24
       Headbutt          |     5 |    12 |    62 |    98 |   209 |   124 ||   510
       War axe           |    11 |   108 |   297 |   446 |   399 |       ||  1261
       Trident           |       |       |       |    14 |       |       ||    14
       Unarmed           |       |       |       |     9 |       |       ||     9
       Executioner's axe |       |       |       |       |   599 |   529 ||  1128
       Battleaxe         |       |       |       |       |    36 |       ||    36
Throw: Dart              |       |       |       |     6 |       |       ||     6
       Javelin           |       |       |       |       |     1 |       ||     1
Invok: Berserk           |     1 |     2 |     9 |     4 |     9 |     3 ||    28
       Brothers in Arms  |       |       |       |     5 |     2 |     3 ||    10
       Trog's Hand       |       |       |       |     2 |     2 |     1 ||     5
Evoke: Wand              |       |       |       |     6 |    56 |    21 ||    83
  Use: Scroll            |       |       |    21 |     6 |    12 |     3 ||    42
       Potion            |       |       |       |     2 |     1 |     2 ||     5
 Stab: Distracted        |       |       |     1 |       |     1 |       ||     2
Armor: Animal skin       |    15 |       |       |       |       |       ||    15
       Leather armour    |       |    18 |       |       |       |       ||    18
       Scale mail        |       |    18 |    57 |       |       |       ||    75
       Chain mail        |       |       |    80 |    14 |   360 |   391 ||   845
       Plate armour      |       |       |       |   191 |    30 |       ||   221
Dodge: Dodged            |    34 |    71 |   201 |   280 |   637 |   572 ||  1795
Block: Buckler           |       |       |       |    68 |   134 |       ||   202
